[Event "*** SCC Grand Prix: Titled Tuesday Blitz"]
[Site "Chess.com"]
[Date "2020.06.02"]
[Round "8"]
[White "csati17"]
[Black "GM_Buhmann"]
[Result "1-0"]
[WhiteElo "2591"]
[BlackElo "2796"]
[TimeControl "180+1"]
[EndTime "11:36:53 PDT"]
[Termination "csati17 won by checkmate"]

1. c4 Nf6 2. Nc3 g6 3. g3 Bg7 4. Bg2 O-O 5. e4 e5 6. Nge2 Nc6 7.
O-O Re8 8. d3 d6 9. h3 Nh5 10.
g4 Nf6 11. f4 exf4 12. Bxf4 Ne5 13. Bg5 h6 14. Bh4 g5 15. Bg3 h5 16. Qd2 hxg4 17.
hxg4 Nfxg4 18. b3 c5 19. Rad1 Bd7 20. d4 cxd4 21. Nxd4 Ng6 22. Nd5 Be6 23. Nf5 Bxd5 24. Qxd5 Qb6+ 25. Kh1 Ne3 26. Nxe3 Qxe3 27. Rxf7 Kh8 28.
Rd3 Qc1+ 29. Rf1 Qc2 30. Rf2 Qc1+ 31. Rd1 Qe3 32. Rf3 Qe2 33. Rd2 Nf4 34. Bxf4 Qe1+ 35.
Kh2 Be5 36. Bxe5+ Rxe5 37. Qf7 g4 38. Qf6+ Kh7 39. Rxd6 Rh5+ 40. Bh3 Qe2+ 41. Kg1 Qe1+ 42. Kh2 Qe2+ 43. Kg1 Qe1+ 44. Bf1 Rd8 45. Qg6+ Kh8 46.
Rxd8# 1-0

[Event "*** SCC Grand Prix: Titled Tuesday Blitz"]
[Site "Chess.com"]
[Date "2020.06.02"]
[Round "8"]
[White "Baby_Shak"]
[Black "Cocaino74"]
[Result "0-1"]
[WhiteElo "2586"]
[BlackElo "2319"]
[TimeControl "180+1"]
[EndTime "11:36:53 PDT"]
[Termination "Cocaino74 won on time"]

1. d4 d5 2. Bf4 c5 3. e3 Nc6 4. c3 Nf6 5. Nd2 Bf5 6. Qa4 cxd4 7. exd4 g6 8. Ngf3 Ne4 9. Ne5 Nxd2 10. Nxc6 bxc6 11.
Bxd2 Qd7 12. Be2 Bg7 13. O-O O-O 14. Bf4 f6 15. Rad1 e5 16. dxe5 fxe5 17. Be3 Qb7 18. Rd2 Be6 19. Qh4 Bf6 20. Bg5 Qg7 21. Bxf6 Rxf6 22. Bg4 Bf7 23. Qg3 Rf4 24. Re2 g5 25. Bd7 Bh5 26. Rxe5 Qxe5 27. Bxc6 Raf8 28. Qd3 Bf7 29.
Qg3 Rf5 30. Bd7 Qxg3 31. hxg3 Re5 32. Bb5 Bg6 33. Rd1 Kg7 34. Rd2 Rb8 35. a4 h5 36.
Kh2 Kf6 0-1

[Event "*** SCC Grand Prix: Titled Tuesday Blitz"]
[Site "Chess.com"]
[Date "2020.06.02"]
[Round "8"]
[White "Klavdia_Nik"]
[Black "pitterson"]
[Result "0-1"]
[WhiteElo "2030"]
[BlackElo "2071"]
[TimeControl "180+1"]
[EndTime "11:36:53 PDT"]
[Termination "pitterson won on time"]

1. Nf3 d6 2. d4 Nd7 3. c4 Ngf6 4. Nc3 e5 5. e4 Be7 6. Be2 O-O 7. O-O c6 8. Re1 Qc7 9. Bf1 Re8 10. b3 a6 11.
Bb2 b5 12. Rc1 Qb8 13. Qd2 Bf8 14. c5 dxc5 15. dxe5 Ng4 16. e6 Rxe6 17. h3 Ngf6 18. Ng5 Re8 19. f4 h6 20. Nf3 Nh5 21. e5 c4 22. Ne4 Nc5 23. bxc4 Nxe4 24. Rxe4 Ng3 25. Ree1 Nxf1 26. Rxf1 a5 27. c5 b4 28. Bd4 Ba6 29. Rfe1 Qb5 30. Qf2 Rad8 31. Kh2 Rd5 32. Be3 Red8 33. Nh4 a4 34. Nf5 b3 35. axb3 axb3 36.
Nd6 Bxd6 37. exd6 b2 38. Rb1 Re8 39. Bd4 Qd3 0-1

[Event "*** SCC Grand Prix: Titled Tuesday Blitz"]
[Site "Chess.com"]
[Date "2020.06.02"]
[Round "8"]
[White "crossingthestreet"]
[Black "Zq1"]
[Result "0-1"]
[WhiteElo "2381"]
[BlackElo "2542"]
[TimeControl "180+1"]
[EndTime "11:36:54 PDT"]
[Termination "Zq1 won by checkmate"]

1. c4 e6 2. Nc3 d5 3. e3 Nf6 4. Nf3 Be7 5. b3 O-O 6. Bb2 c5 7. cxd5 Nxd5 8. Qc2 Nb4 9. Qb1 Bf6 10. a3 N4c6 11.
h4 h5 12. Ng5 g6 13. Nce4 Bxb2 14. Qxb2 Nd7 15. g4 Qe7 16. gxh5 f6 17. Nf3 gxh5 18.
Rg1+ Kf7 19. Be2 Rh8 20. O-O-O b6 21. Rg3 Bb7 22. Rdg1 Rag8 23. Rxg8 Rxg8 24. Nfg5+ fxg5 25. Bxh5+ Kf8 26. Nxg5 Nce5 27. Qc3 Bd5 28. f4 Ng6 29. Bxg6 Rxg6 30. h5 Rh6 31. e4 Bc6 32. f5 exf5 33. exf5 Qf6 34. Ne6+ Ke7 35. Rg7+ Kd6 36. Qg3+ Qe5 37.
Qd3+ Qd5 38. Qg3+ Qe5 39. Qd3+ Qd5 40. Qe3 Rxh5 41. Qg3+ Qe5 42. Qd3+ Bd5 43. Qb5 Rh1+ 44. Kc2 Be4+ 45. d3 Qh2+ 46. Kc3 Rc1# 0-1

[Event "*** SCC Grand Prix: Titled Tuesday Blitz"]
[Site "Chess.com"]
[Date "2020.06.02"]
[Round "8"]
[White "oneshot007"]
[Black "iaraldinho"]
[Result "1-0"]
[WhiteElo "2441"]
[BlackElo "2613"]
[TimeControl "180+1"]
[EndTime "11:36:54 PDT"]
[Termination "oneshot007 won by resignation"]

1. e4 c5 2. Nf3 a6 3. Nc3 e6 4. d4 cxd4 5. Nxd4 Qc7 6. g3 Nc6 7. Bg2 Nf6 8. O-O Nxd4 9. Qxd4 Bc5 10. Bf4 d6 11. Qd2 h6 12. Rad1 e5 13. Be3 Bg4 14. f3 Be6 15. h3 O-O 16. a3 b5 17.
f4 Rfd8 18. Kh2 Rac8 19. Qf2 Bxe3 20. Qxe3 Bc4 21. Rf2 a5 22. b3 b4 23. Na2 Be6 24. axb4 exf4 25. gxf4 a4 26. Nc1 a3 27. c4 Re8 28. Qd4 Qb8 29. Nd3 Bd7 30. Ra2 Bc6 31.
Re1 Qa8 32. Rg1 Kh8 33. e5 dxe5 34. Nxe5 Bxg2 35. Raxg2 Rg8 36. Nxf7+ Kh7 37. Nd6 Qf3 38. Nxc8 a2 39. Rxa2 Rxc8 40. Rag2 Rg8 41. b5 Nh5 42. b6 Nxf4 43. Rxg7+ 1-0

[Event "*** SCC Grand Prix: Titled Tuesday Blitz"]
[Site "Chess.com"]
[Date "2020.06.02"]
[Round "8"]
[White "yamalchess"]
[Black "Jojo_1608"]
[Result "1-0"]
[WhiteElo "2463"]
[BlackElo "2181"]
[TimeControl "180+1"]
[EndTime "11:36:55 PDT"]
[Termination "yamalchess won on time"]

1. d4 Nf6 2. c4 g6 3. Nc3 Bg7 4. e4 d6 5. h3 O-O 6. Bg5 c5 7. d5 e6 8. Bd3 exd5 9. exd5 Na6 10. Nf3 Nc7 11. a4 h6 12. Be3 a6 13. Qd2 Kh7 14.
O-O Rb8 15. Rfe1 Bd7 16. a5 b5 17. axb6 Rxb6 18. Bf4 Qb8 19. Ra2 Re8 20. Rxe8 Ncxe8 21. g4 Kg8 22. Kg2 g5 23. Bg3 Kf8 24. Qe2 Ng8 25. Nd1 Ne7 26. b3 Rxb3 27. Rxa6 Rb6 28. Rxb6 Qxb6 29.
Qa2 Qb4 30. Qa8 Qb3 31. Ne3 Qxd3 32. Bxd6 Qe4 33. Bxc5 f5 34. gxf5 Bxf5 35. Nxf5 Qxf5 36. Qd8 Bf6 37. d6 Nc6 38. d7+ Qxc5 39. dxe8=Q+ Kg7 40. Qdd7+ Ne7 41. Qe6 1-0

[Event "*** SCC Grand Prix: Titled Tuesday Blitz"]
[Site "Chess.com"]
[Date "2020.06.02"]
[Round "8"]
[White "Rish_97"]
[Black "Dr-Bassem"]
[Result "0-1"]
[WhiteElo "2637"]
[BlackElo "2801"]
[TimeControl "180+1"]
[EndTime "11:36:56 PDT"]
[Termination "Dr-Bassem won on time"]

1. e4 e5 2. Nf3 Nc6 3. Bb5 a6 4. Ba4 Nf6 5. O-O Be7 6. Re1 b5 7. Bb3 d6 8. c3 O-O 9. d4 Bg4 10. d5 Na5 11. Bc2 c6 12. h3 Bc8 13. dxc6 Qc7 14.
Nbd2 Qxc6 15. Nf1 Be6 16. Ng3 Rfe8 17. a4 h6 18. Nh4 Bf8 19. Nhf5 d5 20. Qf3 Bxf5 21.
Qxf5 d4 22. Qf3 b4 23. Bd2 Red8 24. Red1 dxc3 25. bxc3 b3 26. Bd3 Rab8 27. Nf5 Kh8 28. Rab1 Nd7 29. c4 Nxc4 30. Bxc4 Qxc4 31. Ba5 Rdc8 32.
Rxd7 b2 33. Rdd1 Qxa4 34. Bc3 Rb3 35. Rd3 Qa3 0-1

[Event "*** SCC Grand Prix: Titled Tuesday Blitz"]
[Site "Chess.com"]
[Date "2020.06.02"]
[Round "8"]
[White "Azatic"]
[Black "Vuk2000"]
[Result "1-0"]
[WhiteElo "2465"]
[BlackElo "2630"]
[TimeControl "180+1"]
[EndTime "11:36:56 PDT"]
[Termination "Azatic won by resignation"]

1. e4 e6 2. d4 d5 3. e5 c5 4. c3 Nc6 5. Nf3 Qb6 6. a3 Nh6 7. b4 cxd4 8. cxd4 Nf5 9. Be3 Nxe3 10. fxe3 f6 11. exf6 gxf6 12. Bd3 Bh6 13. Qe2 O-O 14. O-O Qc7 15. Nbd2 Bd7 16. e4 Qf4 17. Rae1 Rad8 18. Kh1 Be8 19. exd5 exd5 20. g3 Qd6 21. b5 Na5 22.
Nh4 Bd7 23. Qh5 Kg7 24. Bf5 Be8 25. Qg4+ Kh8 26. Ndf3 Qc7 27. Ng2 Bxb5 28. Rg1 Qg7 29. Qh4 Nc4 30. Nf4 Bg5 31. Qh5 Be8 32. Qh3 Bf7 33. Re7 Rde8 34. Ng6+ Bxg6 35. Rxg7 Kxg7 36. Bxg6 Kxg6 37. Nh4+ Bxh4 38. gxh4+ Kf7 39. Qd7+ Re7 40. Qxd5+ Ke8 41. Qxc4 Kd7 42. Qd5+ Kc7 43. Rc1+ 1-0

[Event "*** SCC Grand Prix: Titled Tuesday Blitz"]
[Site "Chess.com"]
[Date "2020.06.02"]
[Round "8"]
[White "maciek_92"]
[Black "ENEASZ"]
[Result "1-0"]
[WhiteElo "2783"]
[BlackElo "2488"]
[TimeControl "180+1"]
[EndTime "11:36:56 PDT"]
[Termination "maciek_92 won on time"]

1. e4 d6 2. d4 Nf6 3. Nc3 e5 4. Nf3 Nbd7 5. Bc4 Be7 6. O-O O-O 7. Re1 c6 8. a4 b6 9. h3 a6 10. Be3 Rb8 11. d5 c5 12. Nd2 g6 13. Qe2 Ra8 14. g4 Ne8 15. Bh6 Ng7 16. Qe3 Rb8 17. Kh1 Nf6 18.
Rg1 Kh8 19. Qe2 Ra8 20. Be3 Ng8 21. f4 exf4 22. Bxf4 Nf6 23. Qh2 Kg8 24. Rae1 Nge8 25. Nf3 Nd7 26. g5 Ra7 27. h4 Ng7 28. Bxd6 Nh5 29. Bxe7 Qxe7 30. e5 b5 31. axb5 Nb6 32. Bd3 c4 33. Be4 Qb4 34. Qf2 Rb7 35. bxa6 Ra7 36.
Ne2 Bxa6 37. c3 Qe7 38. Qxb6 1-0

[Event "*** SCC Grand Prix: Titled Tuesday Blitz"]
[Site "Chess.com"]
[Date "2020.06.02"]
[Round "8"]
[White "GMHess"]
[Black "TERMINATOR_PC"]
[Result "1-0"]
[WhiteElo "2723"]
[BlackElo "2479"]
[TimeControl "180+1"]
[EndTime "11:36:56 PDT"]
[Termination "GMHess won by resignation"]

1. e4 Nf6 2. e5 Nd5 3. Nc3 e6 4.
Nxd5 exd5 5. d4 d6 6. Nf3 Nc6 7. Bb5 Bg4 8. h3 Bh5 9. O-O Be7 10. exd6 Qxd6 11. g4 Bg6 12. Ne5 f6 13. Nd3 O-O 14.
Bf4 Qd7 15. Re1 Rfe8 16. c3 Bd6 17. Qf3 Be4 18. Qg3 Bxf4 19. Qxf4 Bxd3 20. Bxd3 Qd6 21. Qxd6 cxd6 22. h4 g6 23. Kg2 Kf7 24. Kf3 a6 25. h5 Na5 26. Rh1 Rh8 27. Rh2 Nc4 28. Bxc4 dxc4 29. Ke4 Rae8+ 30. Kd5 gxh5 31. Rxh5 Re2 32. Rb1 Rxf2 33. Kxd6 Rc8 34. Rxh7+ Kg6 35. Rxb7 Rg2 36. Kd7 Rf8 37. d5 Rxg4 38. d6 Rg2 39. Kc6 Rd2 40. d7 f5 41. Rg1+ Kf7 42. d8=Q+ 1-0

[Event "*** SCC Grand Prix: Titled Tuesday Blitz"]
[Site "Chess.com"]
[Date "2020.06.02"]
[Round "8"]
[White "louis198"]
[Black "Volodar_Murzin"]
[Result "0-1"]
[WhiteElo "2467"]
[BlackElo "2698"]
[TimeControl "180+1"]
[EndTime "11:36:56 PDT"]
[Termination "Volodar_Murzin won by checkmate"]

1. d4 Nf6 2. Bf4 g6 3. e3 Bg7 4. h3 O-O 5. Nf3 d6 6. Bc4 Nbd7 7. O-O b6 8. a4 Bb7 9. c3 Ne4 10. Nbd2 Qb8 11. a5 a6 12. Nxe4 Bxe4 13. Nd2 Bb7 14.
Ra3 Qc8 15. Ba2 Nf6 16. c4 Re8 17. Qb3 Rb8 18. Qc3 e5 19. dxe5 dxe5 20. Bh2 Qf5 21. c5 bxc5 22. Qxc5 Rbd8 23. Qc1 Rd7 24. Rc3 Ree7 25. Bb1 Qg5 26. f3 h5 27. Ne4 Nxe4 28. fxe4 Bh6 29. Kh1 Qh4 30. Rc4 Kh7 31.
Qc3 Bg7 32. b4 Qg5 33. Rc5 Qh4 34. Bxe5 Rxe5 35. Rxe5 Re7 36. Rxh5+ Qxh5 37. Qe1 Bxe4 38.
Ba2 Qxh3+ 39. Kg1 Qxg2# 0-1

[Event "*** SCC Grand Prix: Titled Tuesday Blitz"]
[Site "Chess.com"]
[Date "2020.06.02"]
[Round "8"]
[White "Perecke"]
[Black "dolynachess"]
[Result "0-1"]
[WhiteElo "2177"]
[BlackElo "2345"]
[TimeControl "180+1"]
[EndTime "11:36:56 PDT"]
[Termination "dolynachess won by resignation"]

1. e4 c5 2. Nf3 d6 3. d4 cxd4 4.
Nxd4 Nf6 5. Nc3 a6 6. h3 e5 7. Nde2 h5 8. g3 Be6 9. Be3 Nbd7 10. Bg2 Be7 11. O-O Qc7 12. f4 Rc8 13. Qd2 b5 14. b3 b4 15. Na4 g6 16. f5 gxf5 17. exf5 Qxc2 18. fxe6 fxe6 19. Rac1 Qxd2 20. Rxc8+ Kf7 21. Bxd2 Rxc8 22. Rc1 Rxc1+ 23. Bxc1 d5 24. Bd2 a5 25. Nb2 e4 26. Nd4 Bc5 27. Be3 e5 28. Nc2 d4 29.
Bf2 e3 30. Be1 e4 31. Nxd4 Bxd4 32. Nc4 Nc5 33. Nxa5 e2+ 34. Kh2 Nd3 35. Nc6 Be3 36. Nd8+ Ke8 37. Ne6 Nxe1 38. Ng7+ Kf7 39. Nf5 Nxg2 40.
Nd6+ Kg8 41. Nxe4 e1=Q 42. Nxf6+ Kf7 0-1

[Event "*** SCC Grand Prix: Titled Tuesday Blitz"]
[Site "Chess.com"]
[Date "2020.06.02"]
[Round "8"]
[White "Chess_Boxer123"]
[Black "MPGM"]
[Result "1-0"]
[WhiteElo "2712"]
[BlackElo "2539"]
[TimeControl "180+1"]
[EndTime "11:36:58 PDT"]
[Termination "Chess_Boxer123 won by resignation"]

1. e4 c6 2. Nf3 d5 3. Nc3 Bg4 4. h3 Bh5 5. Be2 dxe4 6. Nxe4 Nf6 7. Ng3 Bg6 8. d3 e6 9. O-O Be7 10. b3 O-O 11. Bb2 a5 12. a4 Na6 13. Ne5 Nd7 14. Nxg6 hxg6 15. Ne4 Nb4 16. Bf3 Nc5 17. Qe2 Nxe4 18. Bxe4 Bf6 19. d4 Qb6 20. g3 Rad8 21. Rad1 Rd7 22. Kg2 Rfd8 23. h4 Na2 24. h5 Bxd4 25.
Rxd4 Rxd4 26. hxg6 f5 27. Bxf5 c5 28. Bxe6+ Kf8 29.
Qf3+ Ke7 30. Re1 Rf8 31. Bf7+ Kd7 32. Bxd4 cxd4 33. Qf5+ Kc7 34. Qf4+ Qd6 35. Re7+ Kc6 36. Qf3+ Kc5 37. Rxb7 Nc3 38. Qf5+ Kc6 39. Ra7 Kb6 40.
Qxa5+ Kc6 41. Ra6+ 1-0

[Event "*** SCC Grand Prix: Titled Tuesday Blitz"]
[Site "Chess.com"]
[Date "2020.06.02"]
[Round "8"]
[White "GM_LOADING"]
[Black "Jungle_Jaguar"]
[Result "1-0"]
[WhiteElo "2465"]
[BlackElo "2592"]
[TimeControl "180+1"]
[EndTime "11:36:58 PDT"]
[Termination "GM_LOADING won by checkmate"]

1. e4 e5 2. Nf3 Nc6 3. Bc4 Bc5 4. O-O Nf6 5. d3 d6 6. c3 a6 7. a4 Ba7 8. Re1 h6 9. b4 g5 10. Be3 g4 11. Nfd2 Nh5 12. Nf1 Nf4 13. Bxf4 exf4 14. d4 Qg5 15. Nbd2 O-O 16. Nb3 Bd7 17. Qd2 Rae8 18.
g3 fxg3 19. Qxg5+ hxg5 20. hxg3 Kg7 21. Bd3 Ne7 22. Ne3 Rh8 23. Be2 f5 24. exf5 Bc6 25.
Ng2 Nxf5 26. Bxg4 Nh6 27. Be2 Bd5 28. Nd2 Re7 29. Bc4 Rxe1+ 30. Rxe1 Bxc4 31. Nxc4 Kf6 32. Nge3 c6 33. Nxd6 Bb8 34. Nxb7 Bc7 35. Nc5 g4 36. Nxa6 Bd6 37. Nc5 Kg5 38. Ne4+ Kh5 39. Nxd6 Kg5 40.
Ne4+ Kg6 41. a5 Nf7 42. Nc4 Ng5 43. Ne5+ Kf5 44. Nxg5 Kxg5 45. a6 Kf5 46. a7 Ra8 47. Nxc6 Kf6 48. b5 Kf5 49. b6 Kf6 50. b7 Rxa7 51.
Nxa7 Kf5 52. b8=Q Kg5 53. Qe5+ Kg6 54. Qd6+ Kh5 55. Re5# 1-0

[Event "*** SCC Grand Prix: Titled Tuesday Blitz"]
[Site "Chess.com"]
[Date "2020.06.02"]
[Round "8"]
[White "Khazieva_Elza"]
[Black "Danfii"]
[Result "0-1"]
[WhiteElo "2269"]
[BlackElo "2434"]
[TimeControl "180+1"]
[EndTime "11:36:58 PDT"]
[Termination "Danfii won on time"]

1. e4 e5 2. Nf3 Nc6 3. d3 Bc5 4. g3 Nge7 5. Bg2 O-O 6. O-O d6 7. c3 Bb6 8. h3 f5 9. exf5 Bxf5 10. d4 e4 11. Nh4 d5 12. Nxf5 Nxf5 13. b4 Qd7 14. b5 Nce7 15. a4 a6 16. a5 axb5 17. Ba3 Bxa5 18. Qb3 c6 19. Bxe4 Nd6 20. Bg2 Nc4 21. Bb4 Bxb4 22. Rxa8 Rxa8 23. cxb4 Nf5 24. Qc3 Ra2 25. Qd3 Qf7 26. Nc3 Ra3 27. Rc1 Qf6 28.
Qf3 Nxd4 29. Qg4 h6 30. Bf1 Nf3+ 31. Kg2 Nfe5 32. Qe2 Ng6 33. Qe8+ Kh7 34. Qe1 Nge5 35. Bxc4 bxc4 36. Ne2 Nd3 37. Qd2 Nxc1 38. Nxc1 Qf3+ 39.
Kh2 c3 40. Qc2+ Kg8 41. Nd3 Ra8 42. Nc5 Re8 0-1

[Event "*** SCC Grand Prix: Titled Tuesday Blitz"]
[Site "Chess.com"]
[Date "2020.06.02"]
[Round "8"]
[White "Shivagami"]
[Black "CzechmVIII"]
[Result "1-0"]
[WhiteElo "2260"]
[BlackElo "2167"]
[TimeControl "180+1"]
[EndTime "11:36:59 PDT"]
[Termination "Shivagami won by resignation"]

1. d4 Nf6 2. c4 c5 3. d5 e6 4. Nc3 exd5 5. cxd5 d6 6. e4 g6 7. f4 Bg7 8. Nf3 O-O 9. Bd3 b5 10. O-O a6 11. Bc2 Bg4 12. h3 Bxf3 13. Qxf3 Nbd7 14.
Re1 Ne8 15. a4 Nc7 16. Kh1 b4 17. Nd1 c4 18. Ne3 b3 19. Bd1 c3 20. Bxb3 cxb2 21. Bxb2 Bxb2 22. Rab1 Bg7 23. Nc4 Nc5 24. Bc2 Rb8 25.
Rxb8 Qxb8 26. e5 dxe5 27. fxe5 Qb7 28. Rd1 Rd8 29. Nd6 Qb2 30. Qxf7+ Kh8 31. Qxc7 Rf8 32. Nf7+ Kg8 33. Qxc5 Rxf7 34. e6 Rf8 35. e7 Re8 36.
d6 Qe5 37. Qxe5 Bxe5 38. d7 Rxe7 39. d8=Q+ Kf7 40. Bb3+ Kf6 41. Qf8+ 1-0

[Event "*** SCC Grand Prix: Titled Tuesday Blitz"]
[Site "Chess.com"]
[Date "2020.06.02"]
[Round "8"]
[White "j_coca"]
[Black "HouseOfDurin"]
[Result "1-0"]
[WhiteElo "2167"]
[BlackElo "1973"]
[TimeControl "180+1"]
[EndTime "11:37:00 PDT"]
[Termination "j_coca won by resignation"]

1. f4 c5 2. Nf3 d5 3. e3 d4 4. e4 Nc6 5. Bc4 h6 6. d3 g6 7. c3 Bg7 8. O-O e6 9. Qc2 Nge7 10. Nbd2 a6 11. a3 b5 12. Ba2 Qb6 13. c4 b4 14. a4 e5 15. fxe5 Nxe5 16. Nxe5 Bxe5 17. Nf3 Bg7 18. Bb3 a5 19. Qf2 O-O 20.
Qh4 g5 21. Qg3 f5 22. Bc2 f4 23. Qe1 Ng6 24. b3 Bg4 25. Ra2 Bxf3 26. gxf3 Ne5 27.
Rf2 Kf7 28. Qf1 Qe6 29. Bd1 Ke7 30. Be2 Bf6 31. Qd1 Rh8 32. Bf1 Rag8 33. Rg2 h5 34.
Kh1 g4 35. fxg4 hxg4 36. Bxf4 Rh3 37. Bg3 Rgh8 38. Raf2 Bh4 39. Bxh4+ R3xh4 40. Kg1 Nf3+ 41. Rxf3 gxf3 42. Qxf3 Rf8 43. Qg3 Rhf4 44. Qg5+ Kd7 45. Be2 Qe7 46. Qd5+ Kc7 47. h3 R8f7 48. Rg6 R4f6 49.
Rxf6 Rxf6 50. Bg4 Rd6 51. Qxc5+ Kb8 52. Qxa5 Qf6 53. Qxb4+ Kc7 54. Qc5+ Kd8 55. e5 Qf4 56. Qxd6+ Ke8 57. Qd7+ Kf8 58. Qf5+ Qxf5 59. Bxf5 Ke7 60.
e6 Ke8 61. Kg2 Kf8 62. Kf3 Ke8 63. Ke4 Ke7 64. Kxd4 Ke8 65. Ke5 Kf8 66. d4 Ke8 67. d5 Kd8 68. d6 Ke8 69. Kf6 Kf8 70. d7 1-0

[Event "*** SCC Grand Prix: Titled Tuesday Blitz"]
[Site "Chess.com"]
[Date "2020.06.02"]
[Round "8"]
[White "Konovalova_Vera"]
[Black "PattyCastillo"]
[Result "1-0"]
[WhiteElo "2147"]
[BlackElo "1908"]
[TimeControl "180+1"]
[EndTime "11:37:01 PDT"]
[Termination "Konovalova_Vera won on time"]

1. d4 d5 2. Nf3 Nf6 3. e3 c6 4. Bd3 Bg4 5. b3 e6 6. Bb2 Be7 7. Nbd2 Nbd7 8. O-O O-O 9. Be2 a5 10. a4 c5 11. h3 Bh5 12. Ne5 Bxe2 13. Qxe2 cxd4 14.
exd4 Qc7 15. c4 Rfe8 16. Rac1 Qb8 17. Qf3 Ra6 18. Nxd7 Nxd7 19. cxd5 exd5 20. Qxd5 Rd6 21. Qf3 Bf6 22. Ne4 Rde6 23. Nc5 Nxc5 24. Rxc5 b6 25.
Rc6 Re2 26. Bc1 Bxd4 27. Be3 R2xe3 28. fxe3 Bxe3+ 29. Kh1 f6 30. Re1 Bc5 31. Qd5+ Kh8 32. Rxe8+ Qxe8 33. Re6 Qc8 34. Qe4 Bf8 35. Re8 Qc1+ 36.
Kh2 Qc7+ 37. g3 Qc5 38. Qe2 h6 39. Re4 Qa3 40. Re3 Qc5 41. Rd3 Kg8 42. Rd8 Qb4 43. Rd7 Qa3 44. Rd3 Qc5 45. Qd2 1-0

[Event "*** SCC Grand Prix: Titled Tuesday Blitz"]
[Site "Chess.com"]
[Date "2020.06.02"]
[Round "8"]
[White "SCIM"]
[Black "jb2mix"]
[Result "0-1"]
[WhiteElo "2508"]
[BlackElo "2707"]
[TimeControl "180+1"]
[EndTime "11:37:02 PDT"]
[Termination "jb2mix won on time"]

1. d4 Nf6 2. c4 g6 3. Nc3 Bg7 4. e4 O-O 5. Bg5 d6 6. f3 Na6 7.
Qd2 c5 8. d5 e6 9. Rd1 exd5 10.
Nxd5 Re8 11. Ne2 h6 12. Bh4 Nxe4 13. Bxd8 Nxd2 14. Rxd2 Rxd8 15. Nec3 Be6 16. Be2 Bd4 17. f4 Re8 18. Kd1 Kg7 19. Bf3 Rab8 20. Re1 Bd7 21. Nb5 Rxe1+ 22. Kxe1 Bg1 23. g3 Bh3 24. Nxd6 g5 25.
f5 b6 26. f6+ Kf8 27. a3 Rd8 28. Nb5 Re8+ 29. Re2 Rxe2+ 30. Kxe2 Bxh2 31. Kf2 Nb8 32. Nxa7 Nd7 33. Nc8 Ne5 34. Ncxb6 Nd3+ 35. Ke3 Nxb2 36.
Nd7+ Ke8 37. Nxc5 Bxg3 38. Nc3 Nxc4+ 39. Kd4 Nxa3 40. Bc6+ Kd8 41. Nd5 Bf2+ 42. Ne3 Nc2+ 43. Kd3 Nxe3 44. Ke2 Ng4 45. Bd7 Bxc5 0-1

[Event "*** SCC Grand Prix: Titled Tuesday Blitz"]
[Site "Chess.com"]
[Date "2020.06.02"]
[Round "8"]
[White "vanImpe"]
[Black "Campelov"]
[Result "1-0"]
[WhiteElo "2336"]
[BlackElo "2166"]
[TimeControl "180+1"]
[EndTime "11:37:02 PDT"]
[Termination "vanImpe won on time"]

1. g3 g6 2. Bg2 Bg7 3. d4 d6 4. e4 c5 5. c3 cxd4 6. cxd4 Nc6 7. Ne2 h5 8. h3 Bd7 9. Nbc3 Rc8 10. Be3 a6 11. a4 e6 12. O-O Nge7 13. d5 exd5 14.
Nxd5 Nxd5 15. Qxd5 Be6 16. Qd2 O-O 17. Nf4 Bc4 18.
Rfd1 Qf6 19. Qxd6 Qxd6 20. Rxd6 Bxb2 21. Rb1 Be5 22. Rd7 b5 23. axb5 axb5 24. Nd3 Rfd8 25.
Nxe5 Nxe5 26. Rxd8+ Rxd8 27. Bg5 Rc8 28. Bf6 Nd7 29.
Bd4 f6 30. f4 Kf7 31. Bf3 Nc5 32. f5 Nd3 33. fxg6+ Kxg6 34. g4 hxg4 35. Bxg4 Rd8 36. Bf5+ Kf7 37. Bb6 Rd6 38. Bc7 Rc6 39. Ba5 Ne5 40. Kf2 Rd6 41. Bb4 Rd3 42. Ra1 Rf3+ 43. Kg2 Rb3 44. Ra7+ Ke8 45. Bd6 Rb2+ 46. Kg3 Rb3+ 47.
Kh4 Nf3+ 48. Kh5 Bf7+ 49. Kh6 Bc4 50. Kg7 1-0

[Event "*** SCC Grand Prix: Titled Tuesday Blitz"]
[Site "Chess.com"]
[Date "2020.06.02"]
[Round "8"]
[White "RaunakSadhwani2005"]
[Black "platy3"]
[Result "1-0"]
[WhiteElo "2890"]
[BlackElo "2744"]
[TimeControl "180+1"]
[EndTime "11:37:03 PDT"]
[Termination "RaunakSadhwani2005 won on time"]

1. e4 e5 2. Nf3 Nc6 3. Bb5 a6 4. Ba4 Nf6 5. O-O b5 6. Bb3 Bb7 7. d3 Be7 8. a4 b4 9. Nbd2 O-O 10.
Nc4 d6 11. a5 Nd7 12. Ne3 Nc5 13. Bd5 Qd7 14. Bd2 Rab8 15. Nf5 Nd8 16. Bc4 Ba8 17. Qe1 b3 18. Be3 Nde6 19. cxb3 Nxb3 20. Ra3 Nbd4 21. Bxd4 Nxd4 22. N3xd4 exd4 23. Ra2 Bf6 24. Bxa6 d5 25. b4 Qe6 26. e5 Bxe5 27. Re2 Qxa6 28. Rxe5 Qxd3 29.
Qc1 Qa6 30. Qxc7 d3 31. Qc3 Qf6 32. f4 d4 33. Nxd4 Rfd8 34. Nb3 Qg6 35. Rg5 Qh6 36. Nd2 Rbc8 37. Qe5 Re8 38. Qd4 Re2 39. Nf3 Rce8 40. Ne5 f6 41. Qc4+ 1-0

[Event "*** SCC Grand Prix: Titled Tuesday Blitz"]
[Site "Chess.com"]
[Date "2020.06.02"]
[Round "8"]
[White "themind1hunter"]
[Black "GMTalks_Youtube"]
[Result "1-0"]
[WhiteElo "2536"]
[BlackElo "2664"]
[TimeControl "180+1"]
[EndTime "11:37:03 PDT"]
[Termination "themind1hunter won on time"]

1. e4 e5 2. Nf3 Nc6 3. Bb5 a6 4. Ba4 Nf6 5. O-O Be7 6. Re1 b5 7. Bb3 O-O 8. c3 d5 9. exd5 Nxd5 10.
Nxe5 Nxe5 11. Rxe5 c6 12. d3 Bd6 13. Re1 Bf5 14. Qf3 Bg6 15. g3 Qd7 16. Nd2 Rae8 17. Rxe8 Rxe8 18. Kg2 Nf6 19. h3 h5 20. Nf1 Bf5 21. Bg5 Bxh3+ 22. Kg1 Bg4 23. Qg2 Qf5 24. Bxf6 Qxf6 25. Bd1 Re1 26. Bxg4 Rxa1 27. Bxh5 g6 28.
Bf3 c5 29. Kh2 Qh8+ 30. Kg1 Qh6 31. Bd5 Qc1 32. d4 cxd4 33. cxd4 Qd1 34. Bb3 Qxd4 35. Qf3 Qg7 36. Kg2 Re1 37. Ne3 Be5 38. Ng4 Bxb2 39. Bxf7+ Kh7 40. Bb3 Qe7 41. Ne3 1-0

[Event "*** SCC Grand Prix: Titled Tuesday Blitz"]
[Site "Chess.com"]
[Date "2020.06.02"]
[Round "8"]
[White "Flawless_Fighter"]
[Black "aleksa74"]
[Result "0-1"]
[WhiteElo "2486"]
[BlackElo "2679"]
[TimeControl "180+1"]
[EndTime "11:37:03 PDT"]
[Termination "aleksa74 won by checkmate"]

1. e4 c5 2. Nf3 d6 3. Bb5+ Nd7 4. Ba4 Nf6 5. O-O e6 6. Re1 Be7 7. c3 a6 8. d4 b5 9. Bc2 O-O 10. a4 Bb7 11. Bd3 cxd4 12. cxd4 e5 13. axb5 axb5 14. Rxa8 Qxa8 15. d5 Nc5 16. b4 Nxd3 17. Qxd3 Qa4 18.
Bd2 Rc8 19. Nc3 Qxb4 20. Rb1 Qa3 21. Qxb5 Ba6 22. Qb3 Qxb3 23. Rxb3 h6 24. Ne1 Nd7 25. f3 h5 26. Ra3 Nc5 27. Nc2 g6 28. Nb4 Bb7 29.
Nb5 f5 30. Ra7 fxe4 31. fxe4 Rb8 32. Nc3 Bd8 33. Be3 Bb6 34. Ra2 Nxe4 35. Bxb6 Nxc3 36. Ra7 Bxd5 37. Ba5 Be6 38. Re7 Bf5 39. Nc6 Rb1+ 40.
Kf2 Ne4+ 41. Ke3 Rb3+ 42. Ke2 Ra3 43. Bc7 Rc3 44. Nb4 Bg4+ 45. Ke1 Rc1# 0-1

[Event "*** SCC Grand Prix: Titled Tuesday Blitz"]
[Site "Chess.com"]
[Date "2020.06.02"]
[Round "8"]
[White "IMDT02"]
[Black "peixe64"]
[Result "0-1"]
[WhiteElo "2479"]
[BlackElo "2262"]
[TimeControl "180+1"]
[EndTime "11:37:03 PDT"]
[Termination "peixe64 won by resignation"]

1. e4 e5 2. Nf3 Nc6 3. Bb5 a6 4.
Ba4 Nf6 5. O-O Be7 6. d3 b5 7.
Bb3 O-O 8. a4 b4 9. a5 d6 10.
Nbd2 h6 11. Nc4 Bg4 12. Be3 Nb8 13. h3 Be6 14. Qd2 Nbd7 15. Nh2 d5 16. exd5 Nxd5 17.
Nf3 Bf6 18. Ba4 Qe7 19. Bc6 Rad8 20. Ba7 Nf4 21. Qe3 Bxh3 22. gxh3 Nxh3+ 23. Kh2 Nf4 24. Bxd7 Qxd7 25. Nfxe5 Qf5 26. Qf3 Bxe5 27. Nxe5 Qxe5 28.
Kh1 Qg5 29. Be3 Qh4+ 30. Kg1 Nh3+ 31. Kg2 Ng5 32. Qg3 Qxg3+ 33. fxg3 Rfe8 34. Rae1 Ne6 35. Bf2 Rd5 36. Kf3 f5 37. Re2 Kf7 38. Rfe1 g5 39.
Kg2 h5 40. b3 f4 41. Ra1 Rf5 42. gxf4 Nxf4+ 0-1